 Dungeon Crawl Stone Soup version 0.30-a0-1016-gfb0d676c02 (webtiles) character file.

Game seed: 2604146776379945102

59 DeathPants the Insei (level 3, -1/27 HPs)
             Began as a Demonspawn Transmuter on Apr 6, 2023.
             Slain by a gnoll
             ... wielding a +0 spear
              (3 damage)
             ... on level 2 of the Dungeon.
             The game lasted 00:05:37 (1704 turns).

DeathPants the Insei (Demonspawn Transmuter)        Turns: 1704, Time: 00:05:38

Health: -1/27      AC:  4    Str: 12    XL:     3   Next: 78%
Magic:  5/6        EV: 12    Int: 14    God:
Gold:   94         SH:  5    Dex: 15    Spells: 3/6 levels left

rFire   . . .      SeeInvis .      - Unarmed
rCold   . . .      Faith    .    (no shield)
rNeg    . . .      Spirit   .    a - +1 robe
rPois   .          Reflect  +    (no helmet)
rElec   .          Rampage  .    (no cloak)
rCorr   .                        (no gloves)
Will    .....                    h - +0 pair of boots
Stlth   ++                       f - amulet of reflection
HPRegen 0.24/turn                (no ring)
MPRegen 0.10/turn                (no ring)

@: wereblooded (expiring)
A: thin skeletal structure 1, foul stench 1
a: no special abilities


You were on level 2 of the Dungeon.
You visited 1 branch of the dungeon, and saw 5 of its levels.

You collected 94 gold pieces.

Inventory:

Missiles
 e - 5 poisoned darts
Armour
 a - a +1 robe (worn)
 h - a +0 pair of boots (worn)
Jewellery
 f - an amulet of reflection (around neck)
Potions
 b - a potion of lignification
 c - a potion of attraction
 d - 2 potions of curing {unknown}
 g - a potion of cancellation {unknown}
 i - a potion of heal wounds {unknown}


   Skills:
 + Level 1.7 Fighting
 + Level 2.3 Dodging
 + Level 3.1 Unarmed Combat
 + Level 2.4 Spellcasting
 + Level 2.2 Transmutations


You had 3 spell levels left.
You knew the following spells:

 Your Spells              Type           Power      Damage    Failure   Level
a - Beastly Appendage     Tmut           16%        N/A       9%          1
b - Wereblood             Tmut           8%         N/A       14%         2

Your spell library contained the following spells:

 Spells                   Type           Power      Damage    Failure   Level
 Poisonous Vapours        Pois/Air       2%         N/A       34%         2
 Spider Form              Tmut/Pois      4%         N/A       38%         3
 Mephitic Cloud           Conj/Pois/Air  1%         N/A       56%         3
 Ice Form                 Ice/Tmut       4%         N/A       80%         4
 Freezing Cloud           Conj/Ice/Air   0%         6-21      99%         5


Dungeon Overview and Level Annotations

Branches:
Dungeon (5/15)
 Temple: D:4-7

Altars:
Hepliaklqana


Innate Abilities, Weirdness & Mutations

You have a somewhat thin skeletal structure. (Dex +2, Stealth+)
You may rarely emit foul miasma when damaged in melee.


Message History

You hit the gnoll. Your kick misses the gnoll.
The gnoll is moderately wounded.
You block the gnoll's attack.
The gnoll hits you with a staff of fire.
You hit the gnoll but do no damage.
The gnoll is moderately wounded.
You howl as the wereblood boils in your veins!
You hit the gnoll. You claw the gnoll.
You feel a bit better.
You kill the gnoll!
You howl as the wereblood boils in your veins!
You block the gnoll's attack. The gnoll hits you but does no damage.
Your horns disappear.
Your talons disappear.
Your +0 pair of boots unmelds from your body.
The gnoll hits you from afar with a +0 spear.
The gnoll barely misses you.
Items here: ! ) | †.
You hit the gnoll.
The gnoll is lightly wounded.
The gnoll hits you with a +0 spear!
* * * LOW HITPOINT WARNING * * *
You barely miss the gnoll.
The gnoll is lightly wounded.
The gnoll hits you with a +0 spear.
* * * LOW HITPOINT WARNING * * *
You hit the gnoll.
The gnoll is heavily wounded.
The gnoll hits you but does no damage.
You closely miss the gnoll.
The gnoll is heavily wounded.
Your primal bloodlust is almost over.
The gnoll hits you with a +0 spear.
* * * LOW HITPOINT WARNING * * *
You hit the gnoll but do no damage.
The gnoll is heavily wounded.
You block the gnoll's attack.
You hit the gnoll.
The gnoll is almost dead.
The gnoll hits you with a +0 spear.
You die...

#####
#......#........
###.
#......#.##.##.#
#...
...).(.....##.##.#
#.#.
##.##.#.#####.##.#
#.#.###.##.#.#
#.##.#
#.............
..##.#
#.##.##......##
####.#
##)##.##g.....#
#.....
#......@......#
#.##.#
#..#####......#
#....#
#........######
#....# #.########
#...## #.# #..###
#.########
#######.....
#........#
#........###
#..#...#.#
#.########
#......#.####.#


You could see a gnoll.

Vanquished Creatures
  2 gnolls (D:2)
  An adder (D:1)
  2 worms (D:2)
  A dart slug (D:1)
  2 bats
  2 endoplasms
  A giant cockroach (D:1)
  A goblin (D:4)
  A hobgoblin (D:1)
  3 jackals (D:1)
  2 kobolds
  A quokka (D:1)
  2 frilled lizards (D:1)
  2 rats
23 creatures vanquished.

Notes
Turn   | Place    | Note
-------+----------+-------------------------------------------
     0 | D:1      | DeathPants the Demonspawn Transmuter began the quest for
                  | the Orb.
     0 | D:1      | Reached XP level 1. HP: 15/15 MP: 3/3
   103 | D:2      | Gained mutation: You may rarely emit foul miasma when
                  | damaged in melee. [demonic ancestry]
   103 | D:2      | Reached XP level 2. HP: 18/21 MP: 3/5
   188 | D:2      | Found a hazy altar of Hepliaklqana.
   951 | D:1      | Reached skill level 3 in Unarmed Combat
   951 | D:1      | Gained mutation: You have a somewhat thin skeletal
                  | structure. (Dex +2, Stealth+) [demonic ancestry]
   951 | D:1      | Reached XP level 3. HP: 26/26 MP: 4/6
  1105 | D:2      | You fall into a shaft and drop 2 floors!
  1109 | D:5      | Entered Level 5 of the Dungeon
  1135 | D:4      | Noticed a scorpion
  1206 | D:5      | Noticed a water moccasin
  1536 | D:2      | Learned a level 2 spell: Wereblood
  1702 | D:2      | HP: 1/27 [gnoll/+0 spear (2)]
  1704 | D:2      | Slain by a gnoll

Illustrated notes

Levels and vault maps discovered:
D:1:      onia_arrival_mini_spirals, layout_basic,
          amcnicky_mini_corridor_feature
D:2:      layout_loops_cross, basic_altar
D:3:      layout_loops_corners, nemelex_spade_bored_becter,
          nicolae_tso_carved_into_rock, cheibrodos_sewer_entry_drain,
          grunt_ministairs_10, hangedman_decor_slide_cut, uniq_grinder,
          uniq_jessica
D:4:      layout_basic, lemuel_doored_altar, uniq_duvessa
D:5:      layout_cave_pods, ebering_ghost_rock_garden, serial_shops,
          nicolae_square_shop, uniq_blork_the_orc

Skill      XL: |  1  2 |
---------------+-------+-----
Dodging        | 2 |  2.3
Transmutations | 2 |  2.2
Unarmed Combat | 3 |  3.1
Fighting       | |  1.7
Spellcasting   | |  2.4

Action                     || total
---------------------------++-------
  Melee: Unarmed           ||    73
         Headbutt          ||    11
         Kick              ||    20
   Cast: Beastly Appendage ||    18
         Wereblood         ||     1
    Use: Scroll            ||     8
   Stab: Sleeping          ||     2
 Armour: Robe              ||    18
  Dodge: Dodged            ||    41
  Block: Other             ||     3

Table legend: (Time is in decaauts)
 A = Elapsed time spent in this place.
 B = Non-inter-level travel time spent in this place.
 C = Inter-level travel time spent in this place.
 D = Time resting spent in this place.
 E = Time spent auto-exploring this place.
 F = Levels seen in this place.
 G = Mean time per level.
                   A        B        C        D        E       F      G
               +--------+--------+--------+--------+--------+-----+--------+
         Total |   1701 |   1663 |     38 |      0 |   1243 |   5 |  340.2 |
       Dungeon |   1701 |   1663 |     38 |      0 |   1243 |   5 |  340.2 |
               +--------+--------+--------+--------+--------+-----+--------+

Top non-repeatable levels by time:
     D:1: 1052 daAuts
     D:2: 488 daAuts
     D:4: 135 daAuts
     D:3: 22 daAuts
     D:5: 3 daAuts
